 Dungeon Crawl Stone Soup version 0.19.0-24-gb05acd6 (webtiles) character file.

266 Ijustatesigmund the Chopper (level 6, -3/57 HPs)
             Began as a Minotaur Monk on Nov 21, 2016.
             Slain by a gnoll
             ... wielding a +0 flail
              (6 damage)
             ... on level 4 of the Dungeon.
             The game lasted 00:06:09 (2766 turns).

Ijustatesigmund the Chopper (Minotaur Monk)         Turns: 2766, Time: 00:06:09

Health: -3/57      AC: 12    Str: 15    XL:     6   Next: 0%
Magic:  5/5        EV: 13    Int:  8    God:
Gold:   155        SH:  0    Dex: 19    Spells: 0 memorised, 5 levels left

rFire  . . .     SeeInvis .     a - +1 hand axe
rCold  . . .     Gourm    .     h - +0 chain mail
rNeg   . . .     Faith    .     (no shield)
rPois  .         Spirit   .     m - +2 hat
rElec  .         Reflect  .     b - +0 cloak
rCorr  .         Harm     .     d - +0 pair of gloves
MR     +....                    (no boots)
Stlth  ..........               (no amulet)
                                (no ring)
                                g - ring of protection from magic

@: agile
A: retaliatory headbutt, horns 2
a: no special abilities


You were on level 4 of the Dungeon.
You were not hungry.

You visited 1 branch of the dungeon, and saw 4 of its levels.

You collected 155 gold pieces.

Inventory:

Hand Weapons
 a - a +1 hand axe (weapon)
Armour
 b - a +0 cloak (worn)
 d - a +0 pair of gloves (worn)
 h - a +0 chain mail (worn)
 m - a +2 hat (worn)
Jewellery
 g - a ring of protection from magic (left hand)
Wands
 k - a wand of disintegration (11/24)
Scrolls
 e - 2 scrolls of magic mapping
 l - 2 scrolls of fog
 n - 2 scrolls of identify
Potions
 i - 2 potions of cancellation
Comestibles
 c - 4 bread rations
 f - 3 meat rations
 o - 7 chunks of flesh


   Skills:
 + Level 6.2 Fighting
 + Level 6.3 Axes
 - Level 3.2 Dodging
 - Level 1.5 Stealth


You had 5 spell levels left.
You didn't know any spells.

Dungeon Overview and Level Annotations

Branches:
Dungeon (4/15)
 Temple: D:4-7

Altars:
Qazlal


Innate Abilities, Weirdness & Mutations

You reflexively headbutt those who attack you in melee.
You have a pair of horns on your head.


Message History

The gnoll shaman is almost dead.
The gnoll shaman mumbles some strange prayers to its god against you.
You resist with almost no effort.
You hit the gnoll shaman.
You kill the gnoll shaman!
You have reached level 6!
Your experience leads to an increase in your attributes!
Your base attributes are Str 15, Int 8, Dex 13.
Increase (S)trength, (I)ntelligence, or (D)exterity?
You feel agile. The gnoll hits you with a flail.
* * * LOW HITPOINT WARNING * * *
You completely miss the gnoll.
The gnoll is moderately wounded.
The gnoll barely misses you. The gnoll hits you with a flail.
* * * LOW HITPOINT WARNING * * *
You hit the gnoll. Your headbutt misses the gnoll.
The gnoll is almost dead.
The gnoll hits you with a flail.
You die...

#.....# #.#.#.#
#)#.#.# #)#.#.#
#.#.#.# #.#.#.#
###.#.#.#
#<....#.#######
#####.#...@gg.#
.#######g# #
#)# #g# #g# #.#
#)# #.# #.#


You could see 3 gnolls.

Vanquished Creatures
  Crazy Yiuf (D:2)
  A gnoll shaman (D:4)
  An orc priest (D:4)
  An orc wizard (D:4)
  Terence (D:2)
  Jessica (D:2)
  2 adders
  An ooze (D:3)
  2 worms (D:3)
  A dart slug (D:1)
  The ghost of dscm the Digger, a weakling OpEE (D:3)
  3 leopard geckos
  6 orcs
  6 bats
  2 giant cockroaches
  6 goblins
  6 hobgoblins
  2 frilled lizards (D:1)
  8 kobolds
  8 rats
60 creatures vanquished.

Notes
Turn   | Place    | Note
-------+----------+-------------------------------------------
     0 | D:1      | Ijustatesigmund the Minotaur Monk began the quest for the Orb.
     0 | D:1      | Reached XP level 1. HP: 19/19 MP: 0/0
   149 | D:1      | Reached XP level 2. HP: 26/27 MP: 1/1
   970 | D:2      | Reached XP level 3. HP: 34/34 MP: 2/2
  1251 | D:2      | Found a runed door.
  1295 | D:2      | Found a stormy altar of Qazlal.
  1464 | D:2      | Noticed Terence
  1474 | D:2      | Noticed Jessica
  1481 | D:2      | Killed Jessica
  1481 | D:2      | Reached skill level 5 in Fighting
  1481 | D:2      | Reached XP level 4. HP: 30/42 MP: 3/3
  1486 | D:2      | Killed Terence
  1486 | D:2      | Reached skill level 5 in Axes
  1942 | D:2      | Noticed Crazy Yiuf
  1952 | D:2      | Killed Crazy Yiuf
  2050 | D:3      | Reached XP level 5. HP: 48/48 MP: 4/4
  2074 | D:3      | Noticed dscm's ghost (weakling OpEE)
  2091 | D:3      | Killed dscm's ghost
  2761 | D:4      | Reached XP level 6. HP: 9/57 MP: 5/5
  2766 | D:4      | Slain by a gnoll

Skill      XL: |  1  2  3  4  5 |
---------------+----------------+-----
Fighting       | 4 5 6 |  6.2
Axes           | 4 5 6 |  6.3
Dodging        | |  3.2
Stealth        | |  1.5

Action                   |  1- 3 |  4- 6 || total
-------------------------+-------+-------++-------
Melee: Hand axe          |    99 |   121 ||   220
       Headbutt          |     9 |    25 ||    34
  Use: Scroll            |     4 |     4 ||     8
       Potion            |       |     3 ||     3
 Stab: Sleeping          |     3 |       ||     3
       Invisible         |       |     1 ||     1
  Eat: Bread ration      |     1 |       ||     1
       Chunk             |       |     2 ||     2
Armor: Robe              |     3 |       ||     3
       Chain mail        |    45 |    52 ||    97
Dodge: Dodged            |    43 |    39 ||    82
